 Dungeon Crawl Stone Soup version 0.30.0-5-g1a98f26d00 (webtiles) character file.

Game seed: 4677923050134716049

795 Dordric the Ruffian (level 7, 0/62 HPs)
             Began as a Troll Warper on May 12, 2023.
             Slain by a steam dragon (4 damage)
             ... on level 5 of the Dungeon.
             The game lasted 00:04:04 (3672 turns).

Dordric the Ruffian (Troll Warper)                  Turns: 3672, Time: 00:04:05

Health: 0/62       AC:  4    Str: 22    XL:     7   Next: 58%
Magic:  10/10      EV:  9    Int:  9    God:
Gold:   348        SH:  0    Dex:  9    Spells: 9/12 levels left

rFire   . .          .
                       - Unarmed
rCold   . . .        (no shield)
rNeg    . . .        a - +0 robe
rPois   .            (helmet restricted)
rElec   .            (no cloak)
rCorr   .            (gloves unavailable)
SInv    .            (boots unavailable)
Will    .....        (no amulet)
Stlth   +            (no ring)
HPRegen 1.10/turn    (no ring)
MPRegen 0.12/turn

%: no passive effects
@: no status effects
A: large, unfitting armour, claws 3, regeneration 1, shaggy fur 1, tough skin 1
a: no special abilities


You were on level 5 of the Dungeon.
You visited 1 branch of the dungeon, and saw 5 of its levels.

You collected 348 gold pieces.

Inventory:

Missiles
 c - 7 boomerangs of dispersal (quivered)
Armour
 a - a +0 robe (worn)
Jewellery
 f - a +6 ring of strength
 l - a ring of resist corrosion
Scrolls
 b - 2 scrolls of blinking
 e - 3 scrolls of teleportation {unknown}
 g - 3 scrolls of poison {unknown}
 i - a scroll of immolation {unknown}
 j - a scroll of noise {unknown}
 k - 2 scrolls of silence {unknown}
 n - 2 scrolls of amnesia {unknown}
 p - 2 scrolls of vulnerability {unknown}
 r - 3 scrolls of identify {unknown}
Potions
 d - 5 potions of curing {unknown}
 h - a potion of cancellation {unknown}
 m - a potion of flight {unknown}
 o - 2 potions of brilliance {unknown}
 q - a potion of heal wounds {unknown}


   Skills:
 - Level 1.5 Fighting
 - Level 0.8 Throwing
 - Level 1.9 Dodging
 + Level 5.2 Unarmed Combat
 + Level 3.2 Spellcasting
 + Level 4.3 Translocations


You had 9 spell levels left.
You knew the following spells:

 Your Spells              Type           Power      Damage    Failure   Level
a - Apportation           Tloc           18%        N/A       4%          1
b - Blink                 Tloc           18%        N/A       8%          2

Your spell library contained the following spells:

 Spells                   Type           Power      Damage    Failure   Level
 Lesser Beckoning         Tloc           18%        N/A       8%          2
 Teleport Other           Tloc           9%         N/A       16%         3
 Necrotise                Necr           4%         1d4       30%         1
 Sting                    Tmut/Pois      4%         1d3       30%         1
 Summon Small Mammal      Summ           4%         N/A       30%         1
 Vhi's Electric Charge    Tloc/Air       10%        N/A       36%         3
 Ensorcelled Hibernation  Hex/Ice        2%         N/A       41%         2
 Passwall                 Tmut/Erth      0%         N/A       41%         2
 Poisonous Vapours        Pois/Air       2%         N/A       41%         2
 Manifold Assault         Tloc           9%         N/A       45%         4
 Swiftness                Air            1%         N/A       65%         3
 Olgreb's Toxic Radiance  Pois           1%         N/A       96%         4
 Borgnjor's Revivificati  Necr           0%         N/A       100%        8
 Necromutation            Tmut/Necr      0%         N/A       100%        8
 Death's Door             Necr           0%         N/A       100%        9


Dungeon Overview and Level Annotations

Branches:
Dungeon (5/15)
 Temple: D:4-7

Altars:
Zin

Shops:
D:1 [   D:2 :


Innate Abilities, Weirdness & Mutations

You are too large for most types of armour.
You have claws for hands.
Your natural rate of healing is unusually fast.
You are covered in fur. (AC +1)
You have tough skin. (AC +1)


Message History

You are too injured to fight recklessly!
You are too injured to fight recklessly!
You are too injured to fight recklessly!
You are too injured to fight recklessly!
You are too injured to fight recklessly!
You are too injured to fight recklessly!
You are too injured to fight recklessly!
You are too injured to fight recklessly!
You scratch the steam dragon. Your claw misses the steam dragon.
The steam dragon is moderately wounded.
The steam dragon barely misses you. The steam dragon claws you.
You scratch the steam dragon but do no damage.
The steam dragon is moderately wounded.
The steam dragon bites you.
The steam dragon claws you but does no damage.
You barely miss the steam dragon.
The steam dragon is moderately wounded.
The steam dragon bites you but does no damage.
The steam dragon claws you but does no damage.
You scratch the steam dragon.
The steam dragon is heavily wounded.
The steam dragon breathes steam at you. The ball of steam hits you!!
* * * LOW HITPOINT WARNING * * *
You scratch the steam dragon.
The steam dragon is heavily wounded.
The steam dragon bites you.
* * * LOW HITPOINT WARNING * * *
The steam dragon claws you.
* * * LOW HITPOINT WARNING * * *
You closely miss the steam dragon.
The steam dragon is heavily wounded.
The steam dragon closely misses you.
The steam dragon claws you but does no damage.
You claw the steam dragon!
The steam dragon is severely wounded.
You are engulfed in a cloud of scalding steam.
* * * LOW HITPOINT WARNING * * *
The steam dragon bites you.
You die...

#..§...# .. ##§...## #.
#§...# #.. #...## #..
##...##..# #.#
###........# . .#
##..##..........# . .##
##....§D###........
.#...###....#.@###......##
##.. ......##..§.###....##
##..# #...###..§§..#.....#
#...## #..##..§.§.........
.....# #.##.§..§.....####
...<.### #..†.§........#
.......###........###....
#...........†..#### #...
###............# ###


You could see a steam dragon (catching breath).

Vanquished Creatures
  2 black bears
  2 scorpions
  3 orc priests
  Jessica (D:2)
  3 iguanas (D:4)
  3 orc wizards
  8 gnolls
  5 adders
  7 dart slugs
  10 orcs
  5 endoplasms
  3 giant cockroaches
  7 goblins
  8 hobgoblins
  3 jackals (D:1)
  9 kobolds
  4 quokkas
  3 ball pythons
  2 bats
  3 frilled lizards
  3 rats (D:1)
94 creatures vanquished.

Notes
Turn   | Place    | Note
-------+----------+-------------------------------------------
     0 | D:1      | Dordric the Troll Warper began the quest for the Orb.
     0 | D:1      | Reached XP level 1. HP: 19/19 MP: 1/1
    42 | D:1      | Reached XP level 2. HP: 27/27 MP: 3/3
   495 | D:1      | Found Teff's Armour Boutique.
   928 | D:2      | Reached XP level 3. HP: 33/33 MP: 4/4
   995 | D:2      | Found Piunil's Book Boutique.
  1109 | D:2      | Found a glowing silver altar of Zin.
  1246 | D:2      | Noticed Jessica
  1252 | D:2      | Killed Jessica
  1253 | D:2      | Reached skill level 3 in Unarmed Combat
  1253 | D:2      | Reached XP level 4. HP: 41/41 MP: 5/5
  1348 | D:2      | Learned a level 1 spell: Apportation
  1472 | D:2      | Learned a level 2 spell: Blink
  1479 | D:3      | HP: 2/41 [gnoll/+0 halberd (9)]
  1640 | D:3      | Reached XP level 5. HP: 31/48 MP: 7/7
  1940 | D:3      | Noticed a black bear
  1950 | D:3      | Killed a black bear
  1951 | D:3      | Reached skill level 4 in Unarmed Combat
  1951 | D:3      | Reached XP level 6. HP: 55/55 MP: 8/8
  2937 | D:4      | Reached XP level 7. HP: 56/62 MP: 10/10
  3393 | D:5      | Entered Level 5 of the Dungeon
  3452 | D:4      | Reached skill level 5 in Unarmed Combat
  3649 | D:5      | Noticed a steam dragon
  3672 | D:5      | HP: 3/62 [steam dragon] (6)]
  3672 | D:5      | Slain by a steam dragon

Illustrated notes

Levels and vault maps discovered:
D:1:      lightli_arrival_statue_moat, layout_basic, serial_shops, shop,
          chequers_avenue
D:2:      layout_rooms, serial_shops, nicolae_shop_window_shopping, basic_altar,
          uniq_jessica
D:3:      layout_basic, roderic_lattice_a
D:4:      minmay_inner_zag, layout_loops_corners, kennysheep_nub
D:5:      gammafunk_wand_slinger, layout_layer_cave, grunt_dithmenos_smoke,
          serial_shops, shop, minmay_misc_feat_square

Skill      XL: |  1  2  3  4  5  6  7 |
---------------+----------------------+-----
Unarmed Combat | 3 4 5 |  5.2
Spellcasting   | 2 3 |  3.2
Translocations | 3 4 |  4.3
Fighting       | |  1.5
Throwing       | |  0.8
Dodging        | |  1.9

Action                     |  1- 3 |  4- 6 |  7- 9 || total
---------------------------+-------+-------+-------++-------
  Melee: Unarmed           |    99 |   133 |    64 ||   296
         Punch             |       |     3 |     2 ||     5
   Cast: Blink             |       |     1 |     1 ||     2
   Stab: Sleeping          |     1 |       |       ||     1
 Armour: Robe              |    40 |    36 |    17 ||    93
  Dodge: Dodged            |    55 |    75 |    24 ||   154
